| TOP OF THE 1ST |
|
Chester Pirates batting - Pitching for Columbus Reds : RHP Brian Trejo
|
|
Pitching: RHP Brian Trejo
|
|
|
Batting: RHB Terrence Wilson
|
0-0: Called Strike 0-1: Ball 1-1: Ball 2-1: Ball 3-1: Called Strike 3-2: Base on Balls
|
|
Batting: RHB Tim Moore
|
0-0: Called Strike 0-1: Ball 1-1: Ball 2-1: Fly out, F9 (Flyball, 89D, EV 80.0 MPH)
|
|
Batting: RHB Zach Chmieleski
|
0-0: Called Strike 0-1: Called Strike 0-2: Ball 1-2: Ball 2-2: Foul Ball, location: 2F 2-2: Foul Ball, location: 2F 2-2: Strikes out swinging
|
|
Batting: LHB Carlos Vega
|
0-0: Ground out U3 (Groundball, 3S, EV 63.1 MPH)
|
| Top of the 1st over - 0 runs, 0 hits, 0 errors, 1 left on base; Chester 0 - Columbus 0 |
| BOTTOM OF THE 1ST |
|
Columbus Reds batting - Pitching for Chester Pirates : LHP Jim Turan
|
|
Pitching: LHP Jim Turan
|
|
|
Batting: LHB Keith Egan
|
0-0: Foul Ball, location: 2F 0-1: Ball 1-1: Ball 2-1: Fly out, F1 (Line Drive, P, EV 65.0 MPH)
|
|
Batting: LHB Tim Kirk
|
0-0: Swinging Strike 0-1: Called Strike 0-2: Strikes out swinging, 2-3 out at first.
|
|
Batting: RHB Pat McCoy
|
0-0: Ball 1-0: Foul Ball, location: 2F 1-1: Foul Ball, location: 2F 1-2: Strikes out swinging
|
| Bottom of the 1st over - 0 runs, 0 hits, 0 errors, 0 left on base; Chester 0 - Columbus 0 |
| TOP OF THE 2ND |
|
Chester Pirates batting - Pitching for Columbus Reds : RHP Brian Trejo
|
|
Batting: RHB Jeff Edwards
|
0-0: Ball 1-0: Swinging Strike 1-1: Foul Ball, location: 2F 1-2: Strikes out looking
|
|
Batting: RHB Brandon White
|
0-0: Called Strike 0-1: Ball 1-1: Foul Ball, location: 2F 1-2: SINGLE (Groundball, 6M, EV 107.5 MPH) (infield hit)
|
|
Batting: SHB Don Hauk
|
0-0: Foul Ball, location: 2F 0-1: Ball 1-1: Ball 2-1: Foul Ball, location: 2F 2-2: 2-RUN HOME RUN (Flyball, 89XD, EV 111.2 MPH), Distance : 435 ft
|
|
Batting: RHB Frank Elizondo
|
0-0: Ball 1-0: Called Strike 1-1: Foul Ball, location: 2F 1-2: Ball 2-2: Foul Ball, location: 2F 2-2: Ball 3-2: Foul Ball, location: 2F 3-2: Foul Ball, location: 2F 3-2: Foul Ball, location: 2F 3-2: SINGLE (Flyball, 3D, EV 94.4 MPH)
|
|
Batting: LHB Chad Cutler
|
0-0: Ball 1-0: Swinging Strike 1-1: Ball 2-1: Ball 3-1: Foul Ball, location: 2F 3-2: Base on Balls Frank Elizondo to second
|
|
Batting: RHB Terrence Wilson
|
0-0: SINGLE (Flyball, 9LS, EV 90.0 MPH) Frank Elizondo to third Chad Cutler to second Runner from 3rd tries for Home, SAFE, throw by RF to home
|
|
Batting: RHB Tim Moore
|
0-0: Ball 1-0: Called Strike 1-1: Ball 2-1: SINGLE (Flyball, 3D, EV 89.4 MPH) Chad Cutler to third Terrence Wilson to second
|
|
Batting: RHB Zach Chmieleski
|
0-0: Ball 1-0: Ball 2-0: Ball 3-0: Called Strike 3-1: SINGLE (Groundball, 34D, EV 106.9 MPH) Chad Cutler scores Terrence Wilson to third Tim Moore to second
|
|
Batting: LHB Carlos Vega
|
0-0: Grounds into double play, 6-4-3 (Groundball, 56, EV 82.5 MPH)
|
| Top of the 2nd over - 4 runs, 6 hits, 0 errors, 2 left on base; Chester 4 - Columbus 0 |
| BOTTOM OF THE 2ND |
|
Columbus Reds batting - Pitching for Chester Pirates : LHP Jim Turan
|
|
Batting: LHB Chris Redhead
|
0-0: Called Strike 0-1: Ball 1-1: Foul Ball, location: 2F 1-2: Foul Ball, location: 2F 1-2: Foul Ball, location: 2F 1-2: Foul Ball, location: 2F 1-2: Foul Ball, location: 2F 1-2: Ball 2-2: Foul Ball, location: 2F 2-2: Ball 3-2: Foul Ball, location: 2F 3-2: Foul Ball, location: 2F 3-2: Foul Ball, location: 2F 3-2: Fly out, F5 (Popup, 6S, EV 79.4 MPH)
|
|
Batting: RHB Sang-ton Pak
|
0-0: Ball 1-0: Called Strike 1-1: Ball 2-1: Foul Ball, location: 2F 2-2: Foul Ball, location: 2F 2-2: Strikes out swinging
|
|
Batting: RHB Fred Barbour
|
0-0: Fly out, F8 (Flyball, 8RS, EV 90.6 MPH)
|
| Bottom of the 2nd over - 0 runs, 0 hits, 0 errors, 0 left on base; Chester 4 - Columbus 0 |
| TOP OF THE 3RD |
|
Chester Pirates batting - Pitching for Columbus Reds : RHP Brian Trejo
|
|
Batting: RHB Jeff Edwards
|
0-0: SOLO HOME RUN (Flyball, 7D, EV 105.6 MPH), Distance : 402 ft
|
|
Batting: RHB Brandon White
|
0-0: DOUBLE (Groundball, 5L, EV 104.4 MPH)
|
|
Batting: SHB Don Hauk
|
0-0: Swinging Strike 0-1: Ground out U3 (Groundball, 3, EV 95.0 MPH) Brandon White to third
|
|
Pitching: RHP R.J. Romberg
|
|
|
Batting: RHB Frank Elizondo
|
0-0: Called Strike 0-1: Ball 1-1: Reached on error, E6 (Groundball, 6, EV 83.1 MPH) Brandon White scores
|
|
Batting: LHB Chad Cutler
|
0-0: Ball 1-0: Ball 2-0: Foul Ball, location: 2F 2-1: Ground out 1-3 (Groundball, 34S, EV 73.8 MPH) Frank Elizondo to third
|
|
Batting: RHB Terrence Wilson
|
0-0: Ball Wild Pitch! Frank Elizondo scores 1-0: Ball 2-0: Called Strike 2-1: Ball 3-1: Ground out 5-3 (Groundball, 56S, EV 89.4 MPH)
|
| Top of the 3rd over - 3 runs, 2 hits, 1 error, 0 left on base; Chester 7 - Columbus 0 |
| BOTTOM OF THE 3RD |
|
Columbus Reds batting - Pitching for Chester Pirates : LHP Jim Turan
|
|
Batting: LHB Elijah Benton
|
0-0: Called Strike 0-1: Called Strike 0-2: Ball 1-2: Ball 2-2: Strikes out swinging
|
|
Batting: RHB Alex Villagomez
|
0-0: Ball 1-0: Called Strike 1-1: Ball 2-1: Called Strike 2-2: Strikes out swinging
|
|
Batting: RHB Alex de Leon
|
0-0: Ball 1-0: Ground out 5-3 (Groundball, 56, EV 90.0 MPH)
|
| Bottom of the 3rd over - 0 runs, 0 hits, 0 errors, 0 left on base; Chester 7 - Columbus 0 |
| TOP OF THE 4TH |
|
Chester Pirates batting - Pitching for Columbus Reds : RHP R.J. Romberg
|
|
Batting: RHB Tim Moore
|
0-0: Ground out 3-1 (Groundball, 34, EV 105.0 MPH)
|
|
Batting: RHB Zach Chmieleski
|
0-0: Ball 1-0: Ball 2-0: Ball 3-0: Base on Balls
|
|
Batting: LHB Carlos Vega
|
0-0: Ball 1-0: Fly out, F7 (Flyball, 7, EV 90.0 MPH)
|
|
Batting: RHB Jeff Edwards
|
0-0: Foul Ball, location: 2F 0-1: Reached on error, E4 (Groundball, 4, EV 88.8 MPH) Zach Chmieleski to second
|
|
Batting: RHB Brandon White
|
0-0: Called Strike 0-1: Swinging Strike 0-2: Ball 1-2: Foul Ball, location: 2F 1-2: Foul Ball, location: 2F 1-2: Ball 2-2: SINGLE (Flyball, 56D, EV 91.9 MPH) Zach Chmieleski to third Jeff Edwards to second
|
|
Batting: SHB Don Hauk
|
0-0: Called Strike 0-1: Foul Ball, location: 2F 0-2: Ball 1-2: Foul Ball, location: 2F 1-2: Fly out, F8 (Line Drive, 8LD, EV 88.1 MPH)
|
| Top of the 4th over - 0 runs, 1 hit, 1 error, 3 left on base; Chester 7 - Columbus 0 |
| BOTTOM OF THE 4TH |
|
Columbus Reds batting - Pitching for Chester Pirates : LHP Jim Turan
|
|
Batting: LHB Keith Egan
|
0-0: Called Strike 0-1: Foul Ball, location: 2F 0-2: Strikes out swinging
|
|
Batting: LHB Tim Kirk
|
0-0: Foul Ball, location: 2F 0-1: Called Strike 0-2: Foul Ball, location: 2F 0-2: Ball 1-2: Fly out, F9 (Flyball, 89D, EV 86.9 MPH)
|
|
Batting: RHB Pat McCoy
|
0-0: Called Strike 0-1: Ball 1-1: Ball 2-1: Ball 3-1: Fly out, F5 (Flyball, 5D, EV 89.4 MPH)
|
| Bottom of the 4th over - 0 runs, 0 hits, 0 errors, 0 left on base; Chester 7 - Columbus 0 |
| TOP OF THE 5TH |
|
Chester Pirates batting - Pitching for Columbus Reds : RHP R.J. Romberg
|
|
Batting: RHB Frank Elizondo
|
0-0: SINGLE (Flyball, 78S, EV 86.9 MPH)
|
|
Batting: LHB Chad Cutler
|
0-0: Called Strike 0-1: Ball 1-1: Ball 2-1: Swinging Strike 2-2: SINGLE (Line Drive, 78S, EV 98.8 MPH) Frank Elizondo to second
|
|
Batting: RHB Terrence Wilson
|
0-0: Ball 1-0: SINGLE (Groundball, 56, EV 111.2 MPH) (infield hit) Frank Elizondo to third Chad Cutler to second
|
|
Batting: RHB Tim Moore
|
0-0: Ball 1-0: Called Strike 1-1: Ball 2-1: Ball 3-1: Foul Ball, location: 2F 3-2: Base on Balls Frank Elizondo scores Chad Cutler to third Terrence Wilson to second
|
|
Batting: RHB Zach Chmieleski
|
0-0: Called Strike 0-1: GRAND SLAM HOME RUN (Flyball, 7D, EV 107.5 MPH), Distance : 404 ft
|
|
Pitching: RHP Dave Baber
|
|
|
Batting: LHB Carlos Vega
|
0-0: Foul Ball, location: 2F 0-1: Ball 1-1: Fly out, F2 (Popup, 2RF, EV 94.4 MPH)
|
|
Batting: RHB Jeff Edwards
|
0-0: Ball 1-0: Ball 2-0: Ball 3-0: Called Strike 3-1: Foul Ball, location: 2F 3-2: Fly out, F7 (Flyball, 78D, EV 93.1 MPH)
|
|
Batting: RHB Brandon White
|
0-0: Called Strike 0-1: Ball 1-1: Ball 2-1: Called Strike 2-2: Fly out, F8 (Flyball, 8RM, EV 89.4 MPH)
|
| Top of the 5th over - 5 runs, 4 hits, 0 errors, 0 left on base; Chester 12 - Columbus 0 |
| BOTTOM OF THE 5TH |
|
Columbus Reds batting - Pitching for Chester Pirates : LHP Jim Turan
|
|
Batting: LHB Chris Redhead
|
0-0: Ball 1-0: Ball 2-0: Ball 3-0: Base on Balls
|
|
Batting: RHB Sang-ton Pak
|
0-0: Called Strike 0-1: Swinging Strike 0-2: Ball 1-2: Strikes out swinging
|
|
Batting: RHB Fred Barbour
|
0-0: Called Strike 0-1: Swinging Strike 0-2: Ball 1-2: Strikes out swinging
|
|
Batting: LHB Elijah Benton
|
0-0: Foul Ball, location: 2F 0-1: Foul Ball, location: 2F 0-2: Ball 1-2: Ball 2-2: Foul Ball, location: 2F 2-2: Reached on error, E4 (Groundball, 4, EV 85.6 MPH) Chris Redhead to second
|
|
Batting: RHB Alex Villagomez
|
0-0: Ball 1-0: Ball 2-0: Called Strike 2-1: Swinging Strike 2-2: Strikes out swinging
|
| Bottom of the 5th over - 0 runs, 0 hits, 1 error, 2 left on base; Chester 12 - Columbus 0 |
| TOP OF THE 6TH |
|
Chester Pirates batting - Pitching for Columbus Reds : RHP Dave Baber
|
|
Batting: SHB Don Hauk
|
0-0: Called Strike 0-1: Ball 1-1: Ball 2-1: Swinging Strike 2-2: Strikes out swinging
|
|
Pitching: RHP Kyle Vance
|
|
|
Batting: RHB Frank Elizondo
|
0-0: Swinging Strike 0-1: Swinging Strike 0-2: Ball 1-2: Strikes out swinging
|
|
Batting: LHB Chad Cutler
|
0-0: Ball 1-0: Swinging Strike 1-1: Ball 2-1: Swinging Strike 2-2: Ball 3-2: Strikes out swinging
|
| Top of the 6th over - 0 runs, 0 hits, 0 errors, 0 left on base; Chester 12 - Columbus 0 |
| BOTTOM OF THE 6TH |
|
Columbus Reds batting - Pitching for Chester Pirates : LHP Jim Turan
|
|
Batting: RHB Alex de Leon
|
0-0: Ball 1-0: Called Strike 1-1: Foul Ball, location: 2F 1-2: Foul Ball, location: 2F 1-2: Strikes out swinging
|
|
Batting: LHB Keith Egan
|
0-0: Called Strike 0-1: Swinging Strike 0-2: Ball 1-2: Strikes out swinging
|
|
Batting: LHB Tim Kirk
|
0-0: Ball 1-0: Ball 2-0: Called Strike 2-1: Ball 3-1: Fly out, F9 (Flyball, 9S, EV 84.4 MPH)
|
| Bottom of the 6th over - 0 runs, 0 hits, 0 errors, 0 left on base; Chester 12 - Columbus 0 |
| TOP OF THE 7TH |
|
Chester Pirates batting - Pitching for Columbus Reds : RHP Kyle Vance
|
|
Batting: RHB Terrence Wilson
|
0-0: Ball 1-0: Called Strike 1-1: Foul Ball, location: 2F 1-2: SINGLE (Flyball, 4D, EV 86.2 MPH)
|
|
Batting: RHB Tim Moore
|
0-0: Swinging Strike 0-1: Ball 1-1: Called Strike 1-2: Strikes out swinging
|
|
Pitching: RHP Matt Cronin
|
|
|
Batting: RHB Zach Chmieleski
|
0-0: Ball 1-0: Hit by Pitch Terrence Wilson to second
|
|
Batting: LHB Carlos Vega
|
0-0: Ball 1-0: Called Strike 1-1: Foul Ball, location: 2F 1-2: Ball 2-2: Foul Ball, location: 2F 2-2: Foul Ball, location: 2F 2-2: Ball 3-2: Base on Balls Terrence Wilson to third Zach Chmieleski to second
|
|
Batting: RHB Jeff Edwards
|
0-0: Foul Ball, location: 2F 0-1: Called Strike 0-2: Ball 1-2: Strikes out swinging
|
|
Pinch Hitting: RHB Erik Mulligan
|
0-0: Called Strike 0-1: Foul Ball, location: 2F 0-2: Ball 1-2: Foul Ball, location: 2F 1-2: Foul Ball, location: 2F 1-2: Strikes out swinging
|
| Top of the 7th over - 0 runs, 1 hit, 0 errors, 3 left on base; Chester 12 - Columbus 0 |
| BOTTOM OF THE 7TH |
|
Columbus Reds batting - Pitching for Chester Pirates : LHP Jim Turan
|
|
Now at 2B: Erik Mulligan
|
|
|
Now in LF: Don Hauk
|
|
|
Batting: RHB Pat McCoy
|
0-0: Ball 1-0: Called Strike 1-1: Foul Ball, location: 2F 1-2: Ball 2-2: Ball 3-2: Foul Ball, location: 2F 3-2: Foul Ball, location: 2F 3-2: SINGLE (Groundball, 56, EV 100.6 MPH) (infield hit)
|
|
Batting: LHB Chris Redhead
|
0-0: Foul Ball, location: 2F 0-1: Ball 1-1: Ball 2-1: Ball 3-1: Called Strike 3-2: Strikes out swinging Pat McCoy steals 2nd base (no throw) Batter strikes out.
|
|
Batting: RHB Sang-ton Pak
|
0-0: Ball 1-0: Ball 2-0: Called Strike 2-1: Fly out, F8 (Flyball, 78D, EV 88.1 MPH)
|
|
Batting: RHB Fred Barbour
|
0-0: Ball 1-0: Called Strike 1-1: Ball 2-1: Foul Ball, location: 2F 2-2: Strikes out looking
|
| Bottom of the 7th over - 0 runs, 1 hit, 0 errors, 1 left on base; Chester 12 - Columbus 0 |
| TOP OF THE 8TH |
|
Chester Pirates batting - Pitching for Columbus Reds : RHP Matt Cronin
|
|
Pitching: LHP Davy Thorne
|
|
|
Batting: SHB Don Hauk
|
0-0: Ball 1-0: Called Strike 1-1: Foul Ball, location: 2F 1-2: DOUBLE (Line Drive, 89D, EV 111.2 MPH)
|
|
Batting: RHB Frank Elizondo
|
0-0: Ball 1-0: Fly out, F8 (Flyball, 8RD, EV 101.9 MPH)
|
|
Batting: LHB Chad Cutler
|
0-0: Ball 1-0: Ball 2-0: Ball 3-0: Base on Balls
|
|
Batting: RHB Terrence Wilson
|
0-0: Fly out, F3 (Popup, 3SF, EV 74.4 MPH)
|
|
Batting: RHB Tim Moore
|
0-0: Called Strike 0-1: Ball 1-1: Called Strike 1-2: Fly out, F7 (Line Drive, 7, EV 107.5 MPH)
|
| Top of the 8th over - 0 runs, 1 hit, 0 errors, 2 left on base; Chester 12 - Columbus 0 |
| BOTTOM OF THE 8TH |
|
Columbus Reds batting - Pitching for Chester Pirates : LHP Jim Turan
|
|
Batting: LHB Elijah Benton
|
0-0: Foul Ball, location: 2F 0-1: Ball 1-1: Foul Ball, location: 2F 1-2: Ball 2-2: Foul Ball, location: 2F 2-2: Ground out 4-3 (Groundball, 4, EV 85.6 MPH)
|
|
Batting: RHB Alex Villagomez
|
0-0: Ball 1-0: Fly out, F8 (Flyball, 8LD, EV 86.2 MPH)
|
|
Batting: RHB Alex de Leon
|
0-0: Ball 1-0: Swinging Strike 1-1: Called Strike 1-2: Foul Ball, location: 2F 1-2: Strikes out swinging
|
| Bottom of the 8th over - 0 runs, 0 hits, 0 errors, 0 left on base; Chester 12 - Columbus 0 |
| TOP OF THE 9TH |
|
Chester Pirates batting - Pitching for Columbus Reds : LHP Davy Thorne
|
|
Batting: RHB Zach Chmieleski
|
0-0: Ball 1-0: Called Strike 1-1: Swinging Strike 1-2: Strikes out swinging
|
|
Batting: LHB Carlos Vega
|
0-0: Ball 1-0: Swinging Strike 1-1: Ball 2-1: Swinging Strike 2-2: Ball 3-2: Base on Balls
|
|
Batting: RHB Jeff Edwards
|
0-0: Ball 1-0: Ball 2-0: Called Strike 2-1: SINGLE (Groundball, 3D, EV 104.4 MPH) Carlos Vega to second
|
|
Batting: RHB Erik Mulligan
|
0-0: Called Strike 0-1: Swinging Strike 0-2: Ball 1-2: Strikes out swinging
|
|
Batting: SHB Don Hauk
|
0-0: Ball 1-0: Foul Ball, location: 2F 1-1: Ball 2-1: Foul Ball, location: 2F 2-2: Ball 3-2: TRIPLE (Flyball, 9LD, EV 95.0 MPH) Carlos Vega scores Jeff Edwards scores
|
|
Batting: RHB Frank Elizondo
|
0-0: Called Strike 0-1: Ball 1-1: Ball 2-1: Foul Ball, location: 2F 2-2: Strikes out swinging
|
| Top of the 9th over - 2 runs, 2 hits, 0 errors, 1 left on base; Chester 14 - Columbus 0 |
| BOTTOM OF THE 9TH |
|
Columbus Reds batting - Pitching for Chester Pirates : LHP Jim Turan
|
|
Pitching: RHP Steve Kane
|
|
|
Batting: LHB Keith Egan
|
0-0: Called Strike 0-1: Swinging Strike 0-2: Strikes out swinging
|
|
Batting: LHB Tim Kirk
|
0-0: Swinging Strike 0-1: Ball 1-1: Foul Ball, location: 2F 1-2: Foul Ball, location: 2F 1-2: Ball 2-2: Strikes out swinging
|
|
Batting: RHB Pat McCoy
|
0-0: Ball 1-0: Swinging Strike 1-1: Swinging Strike 1-2: Strikes out swinging
|
| Bottom of the 9th over - 0 runs, 0 hits, 0 errors, 0 left on base; Chester 14 - Columbus 0 |
|